 Dungeon Crawl Stone Soup version 0.29-a0-997-gf6f7e2dfe7 (webtiles) character file.

Game seed: 6359923004579831100

32 drugrobin the Chopper (level 2, -1/25 HPs)
             Began as a Demigod Fighter on Aug 4, 2022.
             Slain by a kobold
             ... wielding a +1 whip of flaming
              (4 damage)
             ... on level 2 of the Dungeon.
             The game lasted 00:02:18 (990 turns).

drugrobin the Chopper (Demigod Fighter)              Turns: 990, Time: 00:02:19

Health: -1/25      AC:  6    Str: 17    XL:     2   Next: 93%
Magic:  4/4        EV:  8    Int: 10    God:
Gold:   34         SH:  4    Dex: 13    Spells: 1/1 levels left

rFire   . . .      SeeInvis .   a - +0 war axe
rCold   . . .      Faith    .   c - +0 buckler
rNeg    . . .      Spirit   .   b - +0 scale mail
rPois   .          Reflect  .   (no helmet)
rElec   .          Harm     .   (no cloak)
rCorr   .          Rampage  .   (no gloves)
Will    .....                   (no boots)
Stlth   ..........              (no amulet)
HPRegen 0.08/turn               (no ring)
MPRegen 0.09/turn               (no ring)

@: no status effects
A: high MP 1, forlorn, divine attributes
a: no special abilities


You were on level 2 of the Dungeon.
You visited 1 branch of the dungeon, and saw 2 of its levels.

You collected 34 gold pieces.

Inventory:

Hand Weapons
 a - a +0 war axe (weapon)
Missiles
 o - 24 stones (quivered)
Armour
 b - a +0 scale mail (worn)
 c - a +0 buckler (worn)
Magical Staves
 g - a staff of air
Jewellery
 l - a ring of fire
 m - an amulet of magic regeneration
Scrolls
 f - 4 scrolls of identify {unknown}
 h - a scroll of magic mapping {unknown}
 i - a scroll of vulnerability {unknown}
 j - a scroll of enchant armour {unknown}
 k - a scroll of enchant weapon {unknown}
Potions
 d - a potion of might
 e - a potion of haste {unknown}
 n - a potion of attraction {unknown}


   Skills:
 - Level 2.6 Fighting
 * Level 3.2 Axes
 - Level 2.6 Armour
 - Level 2.6 Shields


You had one spell level left.
You didn't know any spells.
Your spell library was empty.

Dungeon Overview and Level Annotations

Branches:
Dungeon (2/15)


Innate Abilities, Weirdness & Mutations

You have an increased reservoir of magic. (+10% MP)
You shall have no god before yourself.
Your divine heritage dramatically boosts your attributes as you level up.


Message History

Unknown command.
Unknown command.
You hit the kobold.
The kobold is severely wounded.
The kobold hits you but does no damage. You block the kobold's attack.
Unknown command.
Unknown command.
Unknown command.
You barely miss the kobold.
The kobold is severely wounded.
The kobold hits you with a +1 whip of flaming.
The kobold burns you.
Unknown command.
Unknown command.
You closely miss the kobold.
The kobold is severely wounded.
The kobold hits you with a +1 whip of flaming.
* * * LOW HITPOINT WARNING * * *
The kobold burns you.
* * * LOW HITPOINT WARNING * * *
Unknown command.
Unknown command.
You aren't carrying any items that you can evoke.
Okay, then.
Unknown command.
You barely miss the kobold.
The kobold is severely wounded.
You block the kobold's attack. x2
Unknown command.
Unknown command.
You barely miss the kobold.
The kobold is severely wounded.
The kobold closely misses you.
Unknown command.
Unknown command.
You hit the kobold but do no damage.
The kobold is severely wounded.
The kobold barely misses you.
The kobold hits you with a +1 whip of flaming.
You die...

#.# #.# #.# #
#.# #####
#.#.#.....#
#####.#.#......
..........._...
.....[†@.......
#####..K.......
#.......##.
#.!.....<#
#........#
#$.......#
#........#
#........#


You could see a kobold.

Vanquished Creatures
  3 dart slugs (D:1)
  4 goblins (D:1)
  A hobgoblin (D:1)
  A quokka (D:1)
  A ball python (D:1)
  3 bats
  4 frilled lizards (D:1)
  6 kobolds (D:1)
  7 rats (D:1)
30 creatures vanquished.

Vanquished Creatures (others)
  14 plants (D:1)
14 creatures vanquished.

Grand Total: 44 creatures vanquished

Notes
Turn   | Place    | Note
-------+----------+-------------------------------------------
     0 | D:1      | drugrobin the Demigod Fighter began the quest for the Orb.
     0 | D:1      | Reached XP level 1. HP: 18/18 MP: 3/3
    62 | D:1      | Reached skill level 2 in Axes
   219 | D:1      | Reached XP level 2. HP: 19/25 MP: 4/4
   570 | D:1      | Reached skill level 3 in Axes
   990 | D:2      | Slain by a kobold

Illustrated notes

Levels and vault maps discovered:
D:1:      roderic_chinese_lattice_arrival, layout_loops_cross,
          lexackson_kobold_supper
D:2:      layout_basic, basic_altar, shapermc_ecumenical_altar_petra,
          kennysheep_generic_room_9

Skill      XL: |  1  2 |
---------------+-------+-----
Axes           | 2 3 |  3.2
Fighting       | |  2.6
Armour         | |  2.6
Shields        | |  2.6

Action                   || total
-------------------------++-------
Melee: War axe           ||   103
Throw: Stone             ||     2
Armor: Scale mail        ||    58
Dodge: Dodged            ||    36
Block: Buckler           ||    27

Table legend: (Time is in decaauts)
 A = Elapsed time spent in this place.
 B = Non-inter-level travel time spent in this place.
 C = Inter-level travel time spent in this place.
 D = Time resting spent in this place.
 E = Time spent auto-exploring this place.
 F = Levels seen in this place.
 G = Mean time per level.
                   A        B        C        D        E       F      G
               +--------+--------+--------+--------+--------+-----+--------+
         Total |   1032 |   1020 |     12 |     13 |    708 |   2 |  516.0 |
       Dungeon |   1032 |   1020 |     12 |     13 |    708 |   2 |  516.0 |
               +--------+--------+--------+--------+--------+-----+--------+

Top non-repeatable levels by time:
     D:1: 1017 daAuts
     D:2: 15 daAuts
